[Event "*** Titled Tuesday Blitz"]
[Site "Chess.com"]
[Date "2020.11.24"]
[Round "7"]
[White "ChessWarrior3"]
[Black "Morshynska"]
[Result "1-0"]
[WhiteElo "2100"]
[BlackElo "2255"]
[TimeControl "180+1"]
[EndTime "11:34:41 PST"]
[Termination "ChessWarrior3 won on time"]

1. e4 e5 2. Nf3 Nc6 3. Bb5 a6 4.
Ba4 Nf6 5. O-O b5 6. Bb3 Bb7 7. Nc3 Be7 8. Re1 O-O 9. Nd5 Na5 10. Nxe7+ Qxe7 11. d3 Nxb3 12. axb3 c5 13. Bd2 h6 14. Nh4 Qe6 15. c4 Kh7 16. Qf3 Qg4 17. Qxg4 Nxg4 18.
Nf5 g6 19. Nd6 Bc6 20. f3 Nf6 21. Be3 bxc4 22. bxc4 Rab8 23. Bxc5 Rxb2 24. Rxa6 Kg7 25. d4 Rfb8 26. dxe5 Nh5 27. e6 Rd2 28. exf7 Nf4 29.
Be3 Rxg2+ 30. Kh1 Re2 31. Rxe2 Nxe2 32. Bc5 Rb2 33. h4 Kf8 34. h5 Ng3+ 35. Kg1 Nxh5 36. Ra1 Kg7 37. Re1 Rc2 38. Bd4+ Kf8 39. Bc5 Nf4 40.
e5 Nh3+ 41. Kf1 Bxf3 42. Rb1 Bg2+ 43. Ke1 1-0

[Event "*** Titled Tuesday Blitz"]
[Site "Chess.com"]
[Date "2020.11.24"]
[Round "7"]
[White "Aygehovit1992"]
[Black "enriquetejedor"]
[Result "1-0"]
[WhiteElo "2646"]
[BlackElo "2484"]
[TimeControl "180+1"]
[EndTime "11:34:42 PST"]
[Termination "Aygehovit1992 won on time"]

1. e4 c6 2. Nc3 d5 3. Nf3 g6 4. d4 dxe4 5. Nxe4 Bg7 6. Bc4 Nf6 7. Nxf6+ exf6 8. Qe2+ Qe7 9. Qxe7+ Kxe7 10. O-O Be6 11. b3 Bxc4 12. Ba3+ Kd7 13. bxc4 Na6 14. Rab1 b6 15.
c5 b5 16. c4 bxc4 17. Rb7+ Nc7 18. Rfb1 Rhc8 19. Nd2 c3 20. Nc4 Bh6 21. R1b3 c2 22.
Ne3 Bxe3 23. fxe3 Ke6 24. Kf2 f5 25. Ke2 Nb5 26. Kd2 Nc7 27. Kxc2 Kd5 28. Kd3 h6 29. g4 fxg4 30. e4+ Ke6 31. Kc4 f5 32. exf5+ gxf5 33. Re3+ Kf6 34. Re5 Nd5 35. Rd7 Rab8 36. Rd6+ Kg5 37. Bc1+ 1-0

[Event "*** Titled Tuesday Blitz"]
[Site "Chess.com"]
[Date "2020.11.24"]
[Round "7"]
[White "sjam6687"]
[Black "VerdeNotte"]
[Result "1-0"]
[WhiteElo "2806"]
[BlackElo "2898"]
[TimeControl "180+1"]
[EndTime "11:34:43 PST"]
[Termination "sjam6687 won on time"]

1. d4 Nf6 2. Nf3 g6 3. c4 Bg7 4.
g3 O-O 5. Bg2 c5 6. d5 b5 7.
cxb5 a6 8. bxa6 Nxa6 9. O-O d6 10.
Nc3 Nb4 11. a3 Bb7 12. Ne1 Na6 13. Nc2 Qd7 14. e4 c4 15. Be3 Rfc8 16. h3 Nc5 17.
Bxc5 Rxc5 18. f4 Ne8 19. Nd4 Qc7 20. f5 Qb6 21. Qd2 Nf6 22. fxg6 hxg6 23. Kh2 Nh5 24.
Qf2 Rf8 25. Na4 Qa6 26. Nxc5 dxc5 27. Nf3 e6 28. Qxc5 exd5 29. exd5 Rc8 30. Qe7 Bxd5 31. Rad1 Qe6 32. Qb4 Bf8 33. Qd2 Bxf3 34. Bxf3 Qe5 35. Bxh5 Qxh5 36. Rf2 Rc7 37. Qf4 Qc5 38. Rdf1 Rd7 39.
Rc2 Rc7 40. Rfc1 Qb6 41. b4 1-0

[Event "*** Titled Tuesday Blitz"]
[Site "Chess.com"]
[Date "2020.11.24"]
[Round "7"]
[White "Roman_Ovetchkin"]
[Black "vugarrasulov"]
[Result "0-1"]
[WhiteElo "2635"]
[BlackElo "2878"]
[TimeControl "180+1"]
[EndTime "11:34:43 PST"]
[Termination "vugarrasulov won on time"]

1. d4 Nf6 2. c4 e6 3. Nf3 d5 4. g3 dxc4 5. Bg2 Bb4+ 6. Bd2 Be7 7. O-O O-O 8. Qc2 a6 9. Qxc4 b5 10. Qc2 Bb7 11. Rd1 Be4 12. Qc1 Bb7 13. Bg5 Nbd7 14.
Nbd2 Rc8 15. Nb3 Bd5 16. Bxf6 Bxf6 17. Qc2 c5 18. dxc5 Qe7 19. e4 Bxb3 20. axb3 Qxc5 21. Qe2 Nb8 22. e5 Be7 23. Nd4 Rfd8 24. Qe4 g6 25.
h4 Bf8 26. Nf3 Bg7 27. Qf4 h6 28. Bf1 Nc6 29. Re1 Nb4 30. Rac1 Qe7 31. h5 g5 32. Qe4 Nd5 33. Nh2 Qb4 34. Bd3 Qxe4 35. Bxe4 Rxc1 36.
Rxc1 Bxe5 37. Ra1 Nb4 38. Ng4 Bg7 0-1

[Event "*** Titled Tuesday Blitz"]
[Site "Chess.com"]
[Date "2020.11.24"]
[Round "7"]
[White "AliKa2810"]
[Black "dopolian"]
[Result "1-0"]
[WhiteElo "2599"]
[BlackElo "2426"]
[TimeControl "180+1"]
[EndTime "11:34:43 PST"]
[Termination "AliKa2810 won on time"]

1. d4 Nf6 2. c4 c5 3. d5 e6 4. Nc3 exd5 5. cxd5 d6 6. Nf3 g6 7. Nd2 Bg7 8. e4 O-O 9. Be2 Nbd7 10. O-O Re8 11. h3 a6 12. a4 Qc7 13. Qc2 h6 14. a5 b5 15. axb6 Nxb6 16. Nb3 c4 17. Na5 Bd7 18. Bf4 Bb5 19. Rfe1 Nfd7 20. Qd2 Kh7 21. Bg3 Nc5 22. Bf1 Bxc3 23. Qxc3 Nxe4 24. Qf3 Nxg3 25. Qxg3 Nxd5 26. Qf3 Qc5 27. Nb7 Qc7 28. Qxd5 Bc6 29. Qxc4 Qxb7 30. Rxe8 Bxe8 31. Qd4 Bb5 32. Re1 Bxf1 33.
Kxf1 d5 34. Qf6 Qb5+ 35. Kg1 Qd7 36. Re7 1-0

[Event "*** Titled Tuesday Blitz"]
[Site "Chess.com"]
[Date "2020.11.24"]
[Round "7"]
[White "Isajevsky_Anton"]
[Black "onnoelgersma"]
[Result "1-0"]
[WhiteElo "2582"]
[BlackElo "2403"]
[TimeControl "180+1"]
[EndTime "11:34:43 PST"]
[Termination "Isajevsky_Anton won on time"]

1. c4 e6 2. Nf3 d5 3. e3 Nf6 4. b3 c5 5. Bb2 Nc6 6. cxd5 exd5 7. d4 cxd4 8. Nxd4 Bb4+ 9. Bc3 Qa5 10. Qd2 Nxd4 11. Bxb4 Qxb4 12. exd4 Qxd2+ 13. Kxd2 O-O 14. f3 Bf5 15. Nc3 Rac8 16. Rc1 h5 17. Bd3 Bxd3 18.
Kxd3 Rfe8 19. Nb5 h4 20. Nd6 Rxc1 21. Rxc1 Re7 22. Nf5 Re6 23. Nxh4 Nh5 24. g3 Ra6 25.
Rc2 g6 26. Ng2 Kg7 27. Ne3 Nf6 28. g4 Ra5 29. a4 b6 30. Kc3 Nd7 31. Kb4 Nb8 32.
Ka3 b5 33. Kb4 Ra6 34. Nxd5 bxa4 35. bxa4 Rd6 36. Rc5 Na6+ 37. Kc4 Nxc5 38. dxc5 Rc6 39. Kb5 Rc8 40. c6 Kf8 41. c7 Ke8 42. Kc6 1-0

[Event "*** Titled Tuesday Blitz"]
[Site "Chess.com"]
[Date "2020.11.24"]
[Round "7"]
[White "ZverevLev"]
[Black "kanzaww"]
[Result "1-0"]
[WhiteElo "2304"]
[BlackElo "2450"]
[TimeControl "180+1"]
[EndTime "11:34:44 PST"]
[Termination "ZverevLev won on time"]

1. e4 e5 2. Nf3 Nc6 3. Bb5 a6 4.
Ba4 Nf6 5. O-O Be7 6. d3 b5 7. Bb3 d6 8. c3 O-O 9. h3 Na5 10. Bc2 c5 11. Nbd2 Nc6 12. Re1 Re8 13. Nf1 h6 14.
Ng3 Bf8 15. d4 Qc7 16. Be3 Nd7 17. d5 Ne7 18. Qd2 Nb6 19. b3 Kh7 20. Nxe5 dxe5 21. d6 Qd8 22. dxe7 Qxe7 23. Nf5 Qf6 24. Rad1 Be6 25. Ng3 a5 26. Qe2 Bd7 27. Bd3 b4 28. cxb4 axb4 29. Bb5 Bxb5 30. Qxb5 Rec8 31. Nf5 Rxa2 32. Nd6 Bxd6 33. Qxb6 Be7 34. Qb7 Re8 35. Rd7 1-0

[Event "*** Titled Tuesday Blitz"]
[Site "Chess.com"]
[Date "2020.11.24"]
[Round "7"]
[White "Resignify"]
[Black "boasovietica"]
[Result "0-1"]
[WhiteElo "2260"]
[BlackElo "2416"]
[TimeControl "180+1"]
[EndTime "11:34:44 PST"]
[Termination "boasovietica won by resignation"]

1. e4 e5 2. Nf3 Nc6 3. Bb5 a6 4.
Ba4 Nf6 5. O-O Be7 6. Re1 b5 7. Bb3 d6 8. c3 O-O 9. h3 Bb7 10. d3 Re8 11. Ng5 Rf8 12. f4 d5 13.
fxe5 Nxe5 14. exd5 Ng6 15. Nd2 Nxd5 16. Nde4 Ndf4 17. Nxf7 Rxf7 18. Bxf7+ Kxf7 19. Rf1 Bxe4 20. Bxf4 Qxd3 21. Bxc7+ Kg8 22. Qh5 Qd2 23. Rf2 Qg5 24. Qe2 Bd5 25. Kh2 Bc5 26. Rff1 Bc4 27. Qf3 Rf8 28. Qc6 Bxf1 29. Rxf1 Rxf1 30. Qd5+ Qxd5 0-1

[Event "*** Titled Tuesday Blitz"]
[Site "Chess.com"]
[Date "2020.11.24"]
[Round "7"]
[White "VladimirBugayev"]
[Black "GAusal"]
[Result "1-0"]
[WhiteElo "2314"]
[BlackElo "2024"]
[TimeControl "180+1"]
[EndTime "11:34:44 PST"]
[Termination "VladimirBugayev won by resignation"]

1. e4 e5 2. Nf3 Nc6 3. d4 exd4 4.
Nxd4 Nf6 5. Nxc6 bxc6 6. e5 Qe7 7. Qe2 Nd5 8. h4 Qe6 9. Nd2 d6 10. exd6 Bxd6 11. Nc4 O-O 12. Qxe6 Bxe6 13. Nxd6 cxd6 14. Bd2 a5 15. O-O-O a4 16. a3 Rfb8 17. h5 h6 18. Rh4 Rb6 19. c4 Nf6 20. Bc3 c5 21. f3 Re8 22. Bxf6 gxf6 23. Re4 f5 24. Re3 Rb3 25. Rxb3 axb3 26. Rxd6 Kg7 27. f4 Kf6 28. Kd2 Ke7 29.
Rd3 Bxc4 30. Re3+ Be6 31. Bc4 Rd8+ 32. Kc3 Rb8 33. Re5 Kd6 34. Bxe6 fxe6 35. Re2 Kd5 36. Re5+ Kd6 37. Re3 Rg8 38. g3 Rb8 39. Re5 Rb6 40. Kc4 Rb8 41. Re3 Rg8 42. Rd3+ Kc6 43. Rxb3 Rg4 44. Re3 Kd6 45. b4 cxb4 46. axb4 Rg8 47. Rd3+ Kc6 48. b5+ Kc7 49. Kc5 Ra8 50. b6+ Kb7 51.
Rd7+ Ka6 52. Ra7+ Rxa7 53. bxa7 Kxa7 54. Kd6 Kb7 55. Kxe6 Kc6 56. Kxf5 1-0

[Event "*** Titled Tuesday Blitz"]
[Site "Chess.com"]
[Date "2020.11.24"]
[Round "7"]
[White "Fortitudine"]
[Black "Marty435"]
[Result "1/2-1/2"]
[WhiteElo "2361"]
[BlackElo "2518"]
[TimeControl "180+1"]
[EndTime "11:34:45 PST"]
[Termination "Game drawn by agreement"]

1. c4 Nf6 2. g3 e6 3. Nf3 d5 4. b3 Be7 5. Bg2 O-O 6. O-O b6 7.
cxd5 Nxd5 8. d4 Bb7 9. e4 Nf6 10.
e5 Nd5 11. Bb2 c5 12. Nbd2 Nc6 13. dxc5 Bxc5 14. Nc4 Rc8 15. Qe2 Qe7 16. Rfd1 Rfd8 17.
h4 b5 18. Ncd2 a6 19. Ne4 Ba3 20. Bxa3 Qxa3 21. Nd6 Nc3 22. Qe1 Nxd1 23. Nxb7 Nb2 24. Nxd8 Rxd8 25. Qc3 Nb4 26. Qc7 Rf8 27. Ng5 h6 28. Nxf7 Rxf7 29. Qc8+ Rf8 30. Qxe6+ Kh8 31. Be4 N2d3 32. Qg6 Kg8 33. Bxd3 Nxd3 34. Qxd3 Qb2 35.
Rf1 Qxe5 36. Qd2 Kh8 37. Re1 Qf6 38. Re4 Qa1+ 39. Kg2 Qb1 40. Qe2 1/2-1/2

[Event "*** Titled Tuesday Blitz"]
[Site "Chess.com"]
[Date "2020.11.24"]
[Round "7"]
[White "PavelShkapenko"]
[Black "Gevo1990"]
[Result "1/2-1/2"]
[WhiteElo "2683"]
[BlackElo "2597"]
[TimeControl "180+1"]
[EndTime "11:34:46 PST"]
[Termination "Game drawn by repetition"]

1. e4 c5 2. c3 Nf6 3. e5 Nd5 4. d4 d6 5. Nf3 e6 6. dxc5 dxc5 7.
Bd3 Nc6 8. O-O Be7 9. Qe2 Qc7 10.
a4 Bd7 11. Na3 a6 12. Nc4 O-O-O 13. a5 f5 14. exf6 gxf6 15. Be4 Kb8 16. g3 Bc8 17. Rd1 Rhg8 18. Bxd5 exd5 19. Nb6 d4 20. cxd4 Bg4 21. d5 Nd4 22. Rxd4 cxd4 23. Bd2 Bd6 24. Qd3 Bxf3 25. Qxf3 Qc2 26. Bf4 Qxb2 27. Rd1 Qc3 28. Bxd6+ Rxd6 29. Qf4 Rd8 30. Rxd4 Qa1+ 31. Kg2 Ka7 32.
Ra4 Qc3 33. Rc4 Qxa5 34. Nc8+ Rxc8 35. Rxc8 Qxd5+ 36. Kg1 Qd1+ 37. Kg2 Qd5+ 38. Kg1 Rc6 39. Qe3+ Rb6 40. Rc1 a5 41. Rb1 Qc6 42. Ra1 a4 43.
Qd4 Kb8 44. Qd8+ Ka7 45. Qd4 Kb8 46. Qd8+ Ka7 47. Qd4 1/2-1/2

[Event "*** Titled Tuesday Blitz"]
[Site "Chess.com"]
[Date "2020.11.24"]
[Round "7"]
[White "KetiGrant"]
[Black "Zq1"]
[Result "0-1"]
[WhiteElo "2410"]
[BlackElo "2588"]
[TimeControl "180+1"]
[EndTime "11:34:47 PST"]
[Termination "Zq1 won on time"]

1. e4 c5 2. Nf3 d6 3. Bb5+ Bd7 4.
Bxd7+ Nxd7 5. O-O Ngf6 6. Re1 e6 7. c3 Be7 8. d4 cxd4 9. cxd4 d5 10. e5 Ne4 11.
Nbd2 Nxd2 12. Bxd2 O-O 13. Rc1 Rc8 14. Rxc8 Qxc8 15. h4 h6 16. Nh2 Qc4 17. Be3 Kh8 18. a3 Rc8 19. Qh5 Kg8 20. Ng4 Bf8 21. Rc1 Qxc1+ 22.
Bxc1 Rxc1+ 23. Kh2 Rc4 24. Ne3 Rxd4 25. g3 Re4 26. Qd1 Nxe5 27. Qb3 b6 28. Qb5 d4 29.
Nc4 Nf3+ 30. Kg2 Ne1+ 31. Kf1 d3 32. Nd2 Re2 33. Qe8 g6 34. Nc4 Kg7 35. Qd8 Bc5 0-1

[Event "*** Titled Tuesday Blitz"]
[Site "Chess.com"]
[Date "2020.11.24"]
[Round "7"]
[White "LamaChampetre"]
[Black "MF1966Idrisov"]
[Result "0-1"]
[WhiteElo "2207"]
[BlackElo "2393"]
[TimeControl "180+1"]
[EndTime "11:34:48 PST"]
[Termination "MF1966Idrisov won by resignation"]

1. d4 d6 2. c4 f5 3. g3 Nf6 4. Bg2 e6 5. Nf3 Be7 6. O-O O-O 7. Nbd2 Ne4 8. Qc2 Nxd2 9. Bxd2 Bf6 10. Bc3 Qe7 11.
e4 e5 12. exf5 exd4 13. Nxd4 Bxd4 14. Bxd4 Nc6 15. f6 gxf6 16. Bc3 Bd7 17. Rfe1 Qg7 18.
b4 Rab8 19. f4 Rfe8 20. Qb2 Rxe1+ 21. Rxe1 Rf8 22. b5 Nd8 23. Bd4 Qg6 24. Re7 Rf7 25. Bd5 Bh3 26. Bxf6 Kf8 27. Bxf7 Nxf7 28. Rxc7 Qd3 29.
Rc8+ Nd8 30. Rxd8+ Kf7 31. Qc1 Qe2 32. Rd7+ Kf8 33.
Rd8+ Kf7 34. Rd7+ Bxd7 35. Qf1 Qxf1+ 36. Kxf1 Kxf6 37. Kf2 Be6 0-1

[Event "*** Titled Tuesday Blitz"]
[Site "Chess.com"]
[Date "2020.11.24"]
[Round "7"]
[White "AsaHoffmann"]
[Black "bazar-wokzal"]
[Result "1-0"]
[WhiteElo "2399"]
[BlackElo "2516"]
[TimeControl "180+1"]
[EndTime "11:34:49 PST"]
[Termination "AsaHoffmann won by resignation"]

1. d4 Nf6 2. Bg5 e6 3. Nd2 h6 4.
Bh4 c5 5. e3 b6 6. Bd3 Bb7 7.
Ngf3 g5 8. Bg3 g4 9. Nh4 h5 10. O-O Be7 11. dxc5 Nd5 12. Ng6 fxg6 13. Bxg6+ Kf8 14. e4 Nf6 15. cxb6 Kg7 16. e5 Kxg6 17. exf6 Bxf6 18. bxa7 Nc6 19. Nc4 Ba6 20. Qd3+ Kg7 21. Bd6 Na5 22. b3 Nxc4 23. bxc4 Rxa7 24. Rad1 Qc8 25.
Qe3 Ra8 26. Be5 Rh6 27. Qg5+ Kf7 28. Qxh6 Bxe5 29. Qxh5+ Kf6 30. Qxg4 Bxc4 31. Rfe1 Bd5 32. Qh4+ Kf5 33. Qh5+ Kf6 34. Qxe5+ Kf7 35. Rxd5 exd5 36. Qe7+ Kg6 37. h4 Qf8 38. Qg5+ Kf7 39. Qxd5+ Kg7 40.
Qg5+ Kf7 41. Re3 Qd6 42. Rf3+ Ke8 43. Qg8+ Ke7 44. Qxa8 1-0

[Event "*** Titled Tuesday Blitz"]
[Site "Chess.com"]
[Date "2020.11.24"]
[Round "7"]
[White "PawnEatingZombie"]
[Black "Qvalda"]
[Result "1-0"]
[WhiteElo "2270"]
[BlackElo "2397"]
[TimeControl "180+1"]
[EndTime "11:34:50 PST"]
[Termination "PawnEatingZombie won by resignation"]

1. d4 d5 2. c4 dxc4 3. e4 e5 4.
Nf3 Nc6 5. d5 Bb4+ 6. Nc3 Bxc3+ 7. bxc3 Nce7 8. Nxe5 Nf6 9. Qf3 O-O 10. Bxc4 c6 11. dxc6 Nxc6 12. Nxc6 bxc6 13. O-O Be6 14. Qe2 Re8 15. Bg5 h6 16. Bxf6 Qxf6 17. Bxe6 Rxe6 18.
Qe3 c5 19. f3 c4 20. Qd4 Qxd4+ 21. cxd4 Rb6 22. Rab1 c3 23. Rxb6 axb6 24. Rc1 Ra3 25. Rc2 b5 26. Kf2 Kf8 27. Ke2 Ke7 28. Kd3 Kd6 29. h4 h5 30. g3 g6 31. g4 f6 32.
gxh5 gxh5 33. Rxc3 Rxa2 34. Rc5 Ra3+ 35. Ke2 Rb3 36.
Rxh5 Ke6 37. Rc5 b4 38. Rb5 Rb1 39. h5 b3 40. h6 b2 41. h7 Rh1 42. Rxb2 Rxh7 43.
Rb6+ Kf7 44. Rb7+ 1-0

[Event "*** Titled Tuesday Blitz"]
[Site "Chess.com"]
[Date "2020.11.24"]
[Round "7"]
[White "FearNoEvil12"]
[Black "IgorBjelobrk"]
[Result "0-1"]
[WhiteElo "2146"]
[BlackElo "2662"]
[TimeControl "180+1"]
[EndTime "11:34:50 PST"]
[Termination "IgorBjelobrk won by checkmate"]

1. e4 c5 2. Nc3 e6 3. f4 a6 4. Nf3 d5 5. d3 Nc6 6. Qe2 Nf6 7. g3 Be7 8. Bg2 O-O 9. h3 b5 10.
e5 Nd7 11. O-O b4 12. Nd1 a5 13. c3 Ba6 14. Nf2 a4 15. a3 bxc3 16. bxc3 Na5 17. Be3 Nb3 18. Rae1 f6 19. exf6 Bxf6 20. Ne5 Bxe5 21. fxe5 Qa5 22. Nd1 Rae8 23. Bf4 Qb5 24. Rf3 Qb6 25. h4 Bb7 26. Rf2 Nb8 27. Qg4 Nc6 28.
Bh3 Qc7 29. h5 Kh8 30. Rh2 d4 31. c4 Nba5 32. Nf2 Nd8 33. Ne4 Bxe4 34. Rxe4 Nb3 35. Bg5 Nf7 36. Bg2 Nxg5 37. Qxg5 Qf7 38. Rhh4 Qf2+ 39.
Kh2 Qd2 40. Qg4 Rf2 41. Qh3 Qxd3 42. Reg4 Nd2 43. h6 Nf3+ 44. Kh1 Qd1+ 45. Bf1 Rxf1+ 46.
Kg2 Qe2# 0-1

[Event "*** Titled Tuesday Blitz"]
[Site "Chess.com"]
[Date "2020.11.24"]
[Round "7"]
[White "Sueetin"]
[Black "kot60"]
[Result "0-1"]
[WhiteElo "2287"]
[BlackElo "2466"]
[TimeControl "180+1"]
[EndTime "11:34:51 PST"]
[Termination "kot60 won on time"]

1. e4 e5 2. Nf3 Nc6 3. Bc4 Be7 4. d3 Nf6 5. Nbd2 d6 6. a4 O-O 7. O-O h6 8. Re1 Nh7 9. Nf1 Bg5 10. Ne3 Bxe3 11.
Bxe3 Qf6 12. a5 a6 13. Qd2 Re8 14. Bd5 Nf8 15. Bxc6 bxc6 16. d4 Bg4 17. dxe5 dxe5 18.
Qe2 Qg6 19. Ra4 Nd7 20. Rc4 Re6 21. Rc3 Qxe4 22. Nd2 Qg6 23. Qd3 Qxd3 24. Rxd3 Rd6 25. Rc3 Bf5 26. Nb3 f6 27. f3 Rb8 28.
Kf2 Rb5 29. Ra1 Kf7 30. Ra4 Be6 31. Ke2 g5 32. Bd2 Bxb3 33. cxb3 Nc5 34. Rac4 Nxb3 35.
Be3 c5 0-1

[Event "*** Titled Tuesday Blitz"]
[Site "Chess.com"]
[Date "2020.11.24"]
[Round "7"]
[White "mapleaff"]
[Black "Ashedu66"]
[Result "1-0"]
[WhiteElo "2401"]
[BlackElo "2243"]
[TimeControl "180+1"]
[EndTime "11:34:51 PST"]
[Termination "mapleaff won on time"]

1. c4 c5 2. g3 g6 3. Bg2 Bg7 4.
Nc3 Nc6 5. e3 d6 6. Nge2 e5 7.
O-O Nge7 8. a3 O-O 9. b4 cxb4 10. axb4 Nxb4 11. Ba3 Nbc6 12. Nb5 Be6 13. Nxd6 Qd7 14. d4 exd4 15. exd4 Bh3 16. Bxh3 Qxh3 17. Nxb7 Nf5 18.
Bxf8 Rxf8 19. Nf4 Qh6 20. d5 Ne5 21. c5 Nd4 22. Ra3 g5 23. Ng2 g4 24. h4 gxh3 25. Nf4 h2+ 26. Kh1 Nc4 27. Ra2 Re8 28. d6 Be5 29.
Qg4+ Kh8 30. Ne2 Rg8 31. Qe4 f5 32. Qd3 f4 33. Nxd4 fxg3 34. fxg3 Rxg3 35. d7 Rg1+ 36. Rxg1 hxg1=Q+ 37. Kxg1 Qg5+ 38. Kf1 Qc1+ 39. Ke2 1-0

[Event "*** Titled Tuesday Blitz"]
[Site "Chess.com"]
[Date "2020.11.24"]
[Round "7"]
[White "Beca95"]
[Black "BocharovD"]
[Result "0-1"]
[WhiteElo "2914"]
[BlackElo "2819"]
[TimeControl "180+1"]
[EndTime "11:34:53 PST"]
[Termination "BocharovD won on time"]

1. d4 Nf6 2. c4 e6 3. Nc3 Bb4 4. Qc2 c5 5. dxc5 Qc7 6. a3 Bxc5 7. Nf3 a6 8. e3 b6 9. b3 Bb7 10. Bb2 Be7 11. Be2 d6 12. g4 Nfd7 13. Rg1 b5 14. cxb5 axb5 15. b4 O-O 16. Nd4 Ne5 17. Rg3 Nbc6 18.
Ncxb5 Qb8 19. Rh3 h6 20. g5 Rc8 21. Qb1 Nxd4 22. Nxd4 Bxg5 23. f4 Bg2 24. Rg3 Bh4 25. fxe5 dxe5 26. Nb3 f5 27. Kf2 Be4 28. Qd1 f4 29.
Qd7 fxg3+ 30. hxg3 Rf8+ 31. Kg1 Bxg3 32. Qxe6+ Kh8 33. Nc5 Bf2+ 34. Kh2 Bf5 35. Qc6 Bxe3 36. Re1 Qd8 0-1

[Event "*** Titled Tuesday Blitz"]
[Site "Chess.com"]
[Date "2020.11.24"]
[Round "7"]
[White "GM_dmitrij"]
[Black "1977Ivan"]
[Result "0-1"]
[WhiteElo "2867"]
[BlackElo "2689"]
[TimeControl "180+1"]
[EndTime "11:34:53 PST"]
[Termination "1977Ivan won on time"]

1. Nf3 d5 2. e3 Nf6 3. c4 g6 4.
d4 Bg7 5. cxd5 Nxd5 6. e4 Nb6 7. Nc3 Bg4 8. Be3 O-O 9. Be2 Nc6 10. d5 Bxf3 11.
gxf3 Na5 12. Bd4 Qd6 13. b3 a6 14. Bxg7 Kxg7 15. Qd4+ e5 16. Qd2 Nd7 17. h4 h5 18.
Nd1 b6 19. Rg1 Qe7 20. Ne3 Kh7 21. Rc1 Ra7 22. Rg5 f6 23. Rg1 Rd8 24. b4 Nb7 25.
Rxc7 Rda8 26. Nc4 Nd6 27. Rc6 Nb5 28. f4 Nd4 29. Rd6 b5 30. fxe5 bxc4 31. Bxh5 Nxe5 32. Bxg6+ Nxg6 33. Qxd4 Qxd6 34. h5 Ne5 35. Ke2 Rg7 36.
f4 Rxg1 37. Qxg1 Rg8 38. fxe5 Qxe5 0-1

[Event "*** Titled Tuesday Blitz"]
[Site "Chess.com"]
[Date "2020.11.24"]
[Round "7"]
[White "eightbyeightchess"]
[Black "HaryKane"]
[Result "0-1"]
[WhiteElo "2416"]
[BlackElo "2589"]
[TimeControl "180+1"]
[EndTime "11:34:54 PST"]
[Termination "HaryKane won by resignation"]

1. e4 e6 2. d4 d5 3. e5 c5 4. c3 Nc6 5. Nf3 Qb6 6. dxc5 Bxc5 7. Qc2 a5 8. Bd3 Nge7 9. O-O Bd7 10. Qe2 f6 11. exf6 gxf6 12. Nd4 Nxd4 13. Qh5+ Kd8 14. cxd4 Bxd4 15. Nc3 Rc8 16. h3 Kc7 17. Bf4+ e5 18.
Rac1 Kb8 19. Qf7 Qe6 20. Qxe6 Bxe6 21. Bh6 Bxc3 22. bxc3 Rhg8 23. Kh2 Bf5 24. Bb5 Rc5 25. a4 Ng6 26. Be3 Rcc8 27. g4 Be6 28. Bb6 h5 29. f3 Nf4 30. Bxa5 hxg4 31. hxg4 Rh8+ 32. Kg1 Rh3 33. Kf2 Rh2+ 34. Ke3 Ng2+ 35. Kd3 Nf4+ 36.
Ke3 Bd7 37. Rf2 Rxf2 38. Kxf2 Bxb5 39. axb5 Nd3+ 40. Ke3 Nxc1 0-1

[Event "*** Titled Tuesday Blitz"]
[Site "Chess.com"]
[Date "2020.11.24"]
[Round "7"]
[White "SanchezKelvin"]
[Black "hawes33"]
[Result "1/2-1/2"]
[WhiteElo "2453"]
[BlackElo "2246"]
[TimeControl "180+1"]
[EndTime "11:34:54 PST"]
[Termination "Game drawn by repetition"]

1. d4 c5 2. e4 cxd4 3. Nf3 d6 4. Nxd4 Nf6 5. Nc3 a6 6. Bg5 b5 7. a3 e6 8. f4 Be7 9. Qf3 Bb7 10.
O-O-O h6 11. Bh4 Nbd7 12. g4 Qc7 13. Bd3 Rc8 14. Kb1 Nc5 15. Rhe1 Qb6 16. Bf2 Qc7 17. h4 d5 18. exd5 Nxd5 19. Nxd5 Bxd5 20. Qe3 Nxd3 21. Rxd3 O-O 22. f5 Bc5 23. f6 Bxd4 24. Rxd4 Qxc2+ 25. Ka1 Rfd8 26. fxg7 e5 27. Qxh6 Qh7 28. Qxh7+ Kxh7 29. Rdd1 Kxg7 30. Bg3 Bf3 31. Bxe5+ f6 32. Rxd8 Rxd8 33. Bc3 Bxg4 34. Rg1 Rd1+ 35. Rxd1 Bxd1 36. Be1 Kg6 37. Kb1 Be2 38. Kc1 a5 39. Kd2 Bc4 40. Ke3 a4 41.
Kd4 f5 42. Ke3 Kh5 43. Kf4 Bd3 44. Bf2 Bc2 45. Be1 Bd3 46. Bf2 Bc2 47. Be1 Bd3 1/2-1/2

[Event "*** Titled Tuesday Blitz"]
[Site "Chess.com"]
[Date "2020.11.24"]
[Round "7"]
[White "redbaron8888"]
[Black "Nemsko"]
[Result "1-0"]
[WhiteElo "2525"]
[BlackElo "2352"]
[TimeControl "180+1"]
[EndTime "11:34:54 PST"]
[Termination "redbaron8888 won on time"]

1. Nf3 Nf6 2. c4 e6 3. g3 d5 4. Bg2 d4 5. O-O c5 6. d3 Nc6 7.
Na3 Be7 8. Nc2 O-O 9. e3 e5 10.
exd4 cxd4 11. Re1 Nd7 12. Rb1 a5 13. b3 f6 14. a3 Nc5 15. b4 Na4 16. Bd2 Bf5 17.
b5 Nb8 18. Ncxd4 exd4 19. Qxa4 Bxd3 20. Rbd1 Nd7 21. Qb3 Nc5 22. Qb2 Bxc4 23. Qxd4 Qxd4 24. Nxd4 Rfe8 25. Bxb7 Nxb7 26. a4 Bc5 27. Nc6 Rxe1+ 28. Bxe1 Be6 29. Rc1 Kf7 30. Nxa5 Bxf2+ 31. Kxf2 Nxa5 32.
Rc7+ Kg6 33. b6 Bd5 34. Rc5 Nb7 35. Rxd5 Rxa4 36. Rd7 Nc5 37. Rc7 Ra2+ 38. Kg1 Ne6 39. Re7 Nd4 40. Bf2 Nc6 41. Rc7 Ne5 42. b7 Rb2 43. h4 Rb1+ 44. Kg2 Nd3 45. Bd4 Rb4 46. Ba7 1-0

[Event "*** Titled Tuesday Blitz"]
[Site "Chess.com"]
[Date "2020.11.24"]
[Round "7"]
[White "Dinamo3"]
[Black "biostatistician"]
[Result "1/2-1/2"]
[WhiteElo "2421"]
[BlackElo "2539"]
[TimeControl "180+1"]
[EndTime "11:34:55 PST"]
[Termination "Game drawn by repetition"]

1. e4 e6 2. d4 d5 3. Nc3 Nc6 4.
Nf3 Nf6 5. e5 Ne4 6. Bd3 Bb4 7.
Bd2 Nxd2 8. Qxd2 Be7 9. O-O Nb4 10. Be2 c5 11. a3 Nc6 12. dxc5 Bxc5 13. b4 Be7 14.
Nb5 Bd7 15. c4 dxc4 16. Bxc4 O-O 17. Rfd1 Be8 18. Nd6 Qc7 19. Qe2 Rd8 20. Nxe8 Rfxe8 21. Bb3 h6 22. h3 Rxd1+ 23. Rxd1 Rd8 24. Rxd8+ Qxd8 25. Qe4 a6 26. h4 h5 27. Bc2 g6 28. g4 hxg4 29. Qxg4 Qd5 30. Be4 Qd1+ 31. Kg2 Nxe5 32. Nxe5 Qxg4+ 33. Nxg4 f5 34. Bxb7 fxg4 35. Bxa6 Bxh4 36. Bc4 Kf7 37. a4 Be7 38. b5 Bd8 39. Kg3 Kf6 40. Kxg4 Ke5 41. f4+ Kf6 42. Bd3 e5 43.
fxe5+ Kxe5 44. Bxg6 Kd6 45. Kf4 Kc5 46. Bc2 Ba5 47.
Bd1 Kb6 48. Ke4 Bb4 49. Kd5 Ba5 50. Kc4 Be1 51. Kd5 Ba5 52. Kc4 Be1 53. Kb3 Bd2 54.
a5+ Bxa5 55. Kc4 Be1 56. Kd5 Bd2 57. Kc4 Be1 58. Kd3 Bh4 59. Kc4 Bd8 60. Be2 Bc7 61.
Bd3 Bb8 62. Be4 Bc7 63. Bd5 Bb8 64. Bf3 Bc7 65. Kd5 Bb8 66. Kc4 Bc7 67. Bc6 Bd6 68. Kd5 Bc7 69. Kc4 Bb8 70. Kd5 Bc7 71. Kc4 1/2-1/2

[Event "*** Titled Tuesday Blitz"]
[Site "Chess.com"]
[Date "2020.11.24"]
[Round "7"]
[White "Azerichess"]
[Black "Sharpchess22"]
[Result "1-0"]
[WhiteElo "2966"]
[BlackElo "2813"]
[TimeControl "180+1"]
[EndTime "11:34:56 PST"]
[Termination "Azerichess won by checkmate"]

1. d4 d5 2. Nf3 Nf6 3. c4 c6 4. Nbd2 Bf5 5. Nh4 Bc8 6. e3 e6 7. Nhf3 Nbd7 8. b3 Bd6 9. Bb2 O-O 10. Bd3 Qe7 11. Ne5 Ba3 12. Bc3 Bb4 13. Qc2 Bxc3 14. Qxc3 c5 15. O-O cxd4 16. exd4 b6 17. Nxd7 Bxd7 18. c5 bxc5 19. dxc5 e5 20. Rfe1 Rfe8 21. b4 Rac8 22. Rac1 d4 23. Qc2 Nd5 24. a3 g6 25.
Nc4 Qg5 26. Nd6 Nf4 27. Be4 f5 28. h4 Qxh4 29. g3 Qg4 30. Bh1 d3 31. Qd2 Bc6 32. Bxc6 Rxc6 33. Qa2+ Re6 34. Rc4 Ne2+ 35. Rxe2 Qxe2 36.
Rc2 Qd1+ 37. Kg2 dxc2 38. Qxe6+ Kg7 39. Qe7+ Kh6 40. Nf7+ Kg7 41. Ng5+ Kh6 42. Qxh7+ Kxg5 43. Qh4# 1-0